 Dungeon Crawl Stone Soup version 0.23-a0-295-g2e428d4 (webtiles) character file.

39 Amnesiac the Magician (level 3, -3/24 HPs)
             Began as a Mummy Wizard on Oct 4, 2018.
             Killed by miscasting Mephitic Cloud (9 damage)
             ... on level 3 of the Dungeon.
             The game lasted 00:02:44 (1329 turns).

Amnesiac the Magician (Mummy Wizard)                Turns: 1329, Time: 00:02:44

Health: -3/24      AC:  2    Str: 10    XL:     3   Next: 28%
Magic:  7/10       EV: 12    Int: 18    God:
Gold:   49         SH:  0    Dex: 10    Spells: 2/13 levels left

rFire    x . .     SeeInvis .   f - +0 spear
rCold    + . .     Gourm    .   (no shield)
rNeg     + + +     Faith    .   a - +0 robe
rPois    ∞         Spirit   .   (no helmet)
rElec    .         Reflect  .   (no cloak)
rCorr    .         Harm     .   (no gloves)
MR       .....                  (no boots)
Stlth    ++........             (no amulet)
HPRegen  0.08/turn              (no ring)
MPRegen  0.12/turn              (no ring)

@: very slightly contaminated
A: no food or potions, fire vulnerability, cold resistance 1, negative energy
resistance 3, torment resistance, unbreathing
a: no special abilities


You were on level 3 of the Dungeon.
You were not hungry.

You visited 1 branch of the dungeon, and saw 3 of its levels.

You collected 49 gold pieces.

Inventory:

Hand Weapons
 f - a +0 spear (weapon)
Armour
 a - a +0 robe (worn)
 b - a +0 leather armour
Scrolls
 c - a scroll of teleportation {!r, unknown}
 d - 2 scrolls of identify {!r, unknown}
 e - a scroll of enchant weapon {!r, unknown}


   Skills:
 - Level 1.5 Dodging
 - Level 1.5 Stealth
 + Level 5.6 Spellcasting
 - Level 0.7 Conjurations
 - Level 0.7 Summonings
 - Level 0.7 Translocations


You had 2 spell levels left.
You knew the following spells:

 Your Spells              Type           Power        Failure   Level  Hunger
a - Magic Dart            Conj           #...         10%         1    N/A
b - Call Imp              Summ           #.......     14%         2    N/A
e - Mephitic Cloud        Conj/Pois/Air  #.......     34%         3    N/A
s - Conjure Flame         Conj/Fire      #.......     32%         3    N/A
v - Blink                 Tloc           N/A          14%         2    N/A

Your spell library contained the following spells:

 Spells                   Type           Power        Failure   Level  Hunger
 Slow                     Hex            #.......     19%         2    N/A

Dungeon Overview and Level Annotations

Branches:
Dungeon (3/15)

Altars:
Cheibriados
Qazlal
Wu Jian
Yredelemnul

Annotations:
D:2 Natasha


Innate Abilities, Weirdness & Mutations

You do not eat or drink.
Your flesh is vulnerable to fire.
You are immune to poison.
Your flesh is cold resistant. (rC+)
You are immune to negative energy. (rN+++)
You are immune to unholy pain and torment.
You can survive without breathing.


Message History

a club; a ring mail; an orc skeleton
There is an open door here.
Key pressed, stopping explore.
You now have 49 gold pieces (gained 18).
You open the door.
There is an open door here.
Found a short sword.
A goblin comes into view. It is wielding a club.
A goblin is nearby!
A hobgoblin comes into view. It is wielding a club.
The hobgoblin shouts!
The goblin shouts!
You closely miss the hobgoblin. The hobgoblin hits you with a club.
You barely miss the hobgoblin. The hobgoblin misses you.
You hit the hobgoblin.
The hobgoblin is moderately wounded.
The hobgoblin hits you with a club.
You closely miss the hobgoblin.
The hobgoblin is moderately wounded.
The hobgoblin hits you but does no damage.
You closely miss the hobgoblin.
The hobgoblin is moderately wounded.
The hobgoblin closely misses you.
You closely miss the hobgoblin.
The hobgoblin is moderately wounded.
The hobgoblin completely misses you.
You closely miss the hobgoblin.
The hobgoblin is moderately wounded.
The hobgoblin barely misses you.
You hit the hobgoblin.
The hobgoblin is heavily wounded.
The hobgoblin hits you with a club.
* * * LOW HITPOINT WARNING * * *
You hit the hobgoblin but do no damage.
The hobgoblin is heavily wounded.
The hobgoblin closely misses you.
You barely miss the hobgoblin.
The hobgoblin is heavily wounded.
The hobgoblin hits you with a club.
* * * LOW HITPOINT WARNING * * *
You barely miss the hobgoblin.
The hobgoblin is heavily wounded.
The hobgoblin barely misses you.
You hit the hobgoblin but do no damage.
The hobgoblin is heavily wounded.
The hobgoblin hits you with a club.
* * * LOW HITPOINT WARNING * * *
You closely miss the hobgoblin.
The hobgoblin is heavily wounded.
The hobgoblin closely misses you.
You hit the hobgoblin.
You kill the hobgoblin!
You miss the goblin. The goblin closely misses you.
You barely miss the goblin. The goblin hits you with a club.
* * * LOW HITPOINT WARNING * * *
You are too injured to fight recklessly!
Casting: Mephitic Cloud (safe; 34% risk of failure)
Confirm with . or Enter, or press ? or * to list all spells.
Aiming: Mephitic Cloud (safe; 34% risk of failure)
Press: ? - help, Shift-Dir - straight line, f - goblin
Aim: a goblin, wielding a club You miscast Mephitic Cloud.
You are very lightly contaminated with residual magic.
A wave of violent energy washes through your body!
You die...

#. #. #.# .. #.##
#..# #
#.###.##.####
#.....@g....#
###########.##.##.#
#....######.)# #
#..........#.#
#..........#.#
####.......#.#
########.......#..
.......#.......##.
.......#.......# ..


You could see a goblin.

Vanquished Creatures
  An adder (D:3)
  A worm (D:3)
  A dart slug (D:3)
  2 leopard geckos
  3 orcs (D:3)
  2 hobgoblins (D:3)
  A jackal (D:1)
  A ball python (D:1)
  2 bats
  A frilled lizard (D:3)
  2 kobolds
  7 rats
24 creatures vanquished.

Notes
Turn   | Place    | Note
-------+----------+-------------------------------------------
     0 | D:1      | Amnesiac the Mummy Wizard began the quest for the Orb.
     0 | D:1      | Reached XP level 1. HP: 13/13 MP: 5/5
   564 | D:2      | Reached XP level 2. HP: 18/19 MP: 7/7
   568 | D:2      | Learned a level 2 spell: Blink
   571 | D:2      | Learned a level 2 spell: Call Imp
   602 | D:2      | Found an ornate altar of the Wu Jian Council.
   604 | D:2      | Found a snail-covered altar of Cheibriados.
   610 | D:2      | Found a basalt altar of Yredelemnul.
   610 | D:2      | Found a stormy altar of Qazlal.
   613 | D:2      | Noticed Natasha
   635 | D:3      | Reached skill level 5 in Spellcasting
   689 | D:2      | Noticed a crimson imp
   847 | D:3      | Reached XP level 3. HP: 12/24 MP: 1/9
   895 | D:3      | Learned a level 3 spell: Conjure Flame
   899 | D:3      | Learned a level 3 spell: Mephitic Cloud
  1329 | D:3      | Killed by miscasting Mephitic Cloud

Vault maps used:
D:1:      dpeg_arrival_renting
D:2:      grunt_temple_overflow_open, uniq_natasha
D:3:      first_ration

Skill      XL: |  1  2 |
---------------+-------+-----
Spellcasting   | 5 |  5.6
Dodging        | |  1.5
Stealth        | |  1.5
Conjurations   | |  0.7
Summonings     | |  0.7
Translocations | |  0.7

Action                   || total
-------------------------++-------
Melee: Unarmed           ||     7
       Spear             ||    55
 Cast: Magic Dart        ||    44
       Mephitic Cloud    ||     2
 Stab: Sleeping          ||     2
       Confused          ||     1
Armor: Robe              ||     7
Dodge: Dodged            ||    44

Table legend:
 A = Non-vault XP
 B = Vault XP
 C = Vault XP percentage of total XP
 D = Non-vault monster count
 E = Vault monster count
 F = Vault count percentage of total count
                 A         B        C        D         E       F
            +---------+---------+-------+---------+---------+-------
      Total |      57 |       0 |   0.0 |      24 |       0 |   0.0
            +---------+---------+-------+---------+---------+-------
        D:1 |       9 |       0 |   0.0 |       6 |       0 |   0.0
        D:2 |       8 |       0 |   0.0 |       6 |       0 |   0.0
        D:3 |      40 |       0 |   0.0 |      12 |       0 |   0.0
            +---------+---------+-------+---------+---------+-------
